 Dungeon Crawl Stone Soup version 0.26.1-11-gd32895ea62 (webtiles) character file.

Game seed: 14399268363904557193

1973 MisterFreud the Skirmisher (level 9, -2/73 HPs)
             Began as a Gnoll Abyssal Knight on May 14, 2021.
             Was an Elder of Lugonu.
             Slain by a phantom (4 damage)
             ... on level 7 of the Dungeon.
             The game lasted 00:08:55 (7696 turns).

MisterFreud the Skirmisher (Gnoll Abyssal Knight)   Turns: 7696, Time: 00:08:55

Health: -2/73      AC:  6    Str: 15    XL:     9   Next: 20%
Magic:  15/15      EV: 14    Int: 16    God:    Lugonu [****..]
Gold:   107        SH:  5    Dex: 16    Spells: 14/16 levels left

rFire    . . .     SeeInvis .   j - +2 whip (venom)
rCold    . . .     Faith    .   (no shield)
rNeg     . . .     Spirit   .   b - +0 leather armour
rPois    .         Reflect  +   p - +0 helmet
rElec    .         Harm     .   n - +0 cloak (curse)
rCorr    .         Rampage  .   (no gloves)
Will     .....                  (no boots)
Stlth    ++........             t - amulet of reflection
HPRegen  0.22/turn              (no ring)
MPRegen  0.14/turn              (no ring)

@: lethally poisoned (-2 -> -50), attractive
A: distributed training, fangs 1, strong nose
a: Renounce Religion, Depart the Abyss, Bend Space, Banish, Corrupt


You were on level 7 of the Dungeon.
You worshipped Lugonu.
Lugonu was greatly pleased with you.
You visited 1 branch of the dungeon, and saw 7 of its levels.
You visited the Abyss 1 time.

You collected 577 gold pieces.
You spent 470 gold pieces at shops.

Inventory:

Hand Weapons
 a - a +1 short sword
 j - a +2 whip of venom (weapon)
 w - a +3 quarterstaff of chaos
Missiles
 h - 203 stones
 s - 52 sling bullets
 u - 9 boomerangs (quivered)
 I - 37 poisoned darts
Armour
 b - a +0 leather armour (worn)
 n - a cursed +0 cloak (worn)
 p - a +0 helmet (worn)
Jewellery
 o - an uncursed ring of ice
 t - an amulet of reflection (around neck)
Wands
 q - a wand of flame (21)
 B - a wand of polymorph (8)
 D - a wand of disintegration (10)
Scrolls
 c - 4 scrolls of remove curse {unknown}
 d - 4 scrolls of magic mapping
 f - a scroll of identify
 l - 2 scrolls of enchant armour {unknown}
 r - 3 scrolls of enchant weapon {unknown}
 x - 2 scrolls of noise {unknown}
 y - a scroll of fog {unknown}
 z - a scroll of random uselessness {unknown}
 C - 2 scrolls of blinking {unknown}
 E - 2 scrolls of fear {unknown}
 F - 3 scrolls of teleportation {unknown}
 G - a scroll of immolation {unknown}
Potions
 e - 4 potions of ambrosia
 g - 2 potions of haste
 i - a potion of attraction
 k - a potion of curing {unknown}
 m - 4 potions of lignification
 v - a potion of brilliance {unknown}
 A - a potion of mutation {unknown}
 H - a potion of heal wounds {unknown}
 J - 2 potions of cancellation
 K - a potion of might
 L - a potion of berserk rage


   Skills:
 + Level 7.7 Fighting
 + Level 6.1 Short Blades
 + Level 4.0 Long Blades
 + Level 4.0 Axes
 + Level 4.0 Maces & Flails
 + Level 4.0 Polearms
 + Level 4.0 Staves
 + Level 4.0 Slings
 + Level 4.0 Bows
 + Level 4.0 Crossbows
 + Level 4.0 Throwing
 + Level 6.1 Armour
 + Level 4.8 Dodging
 + Level 4.0 Stealth
 + Level 4.0 Shields
 + Level 4.0 Unarmed Combat
 + Level 4.0 Spellcasting
 + Level 3.3 Conjurations
 + Level 3.3 Hexes
 + Level 3.3 Summonings
 + Level 3.3 Necromancy
 + Level 3.3 Translocations
 + Level 3.3 Transmutations
 + Level 3.3 Fire Magic
 + Level 3.3 Ice Magic
 + Level 3.3 Air Magic
 + Level 3.3 Earth Magic
 + Level 3.3 Poison Magic
 + Level 6.4 Invocations
 + Level 4.0 Evocations


You had 14 spell levels left.
You knew the following spells:

 Your Spells              Type           Power        Failure   Level
a - Ensorcelled Hibernat  Hex/Ice        26%          8%          2

Your spell library contained the following spells:

 Spells                   Type           Power        Failure   Level
 Apportation              Tloc           26%          5%          1
 Corona                   Hex            14%          5%          1
 Confusing Touch          Hex            13%          16%         3
 Dazzling Flash           Conj/Hex       26%          16%         3
 Lesser Beckoning         Tloc           6%           16%         3
 Tukima's Dance           Hex            13%          16%         3
 Alistair's Intoxication  Tmut/Pois      8%           82%         5
 Invisibility             Hex            13%          100%        6


Dungeon Overview and Level Annotations

Branches:
Dungeon (7/15)             Temple (0/1) D:4

Altars:
Cheibriados
Elyvilon
Fedhas
Gozag
Okawaru
Qazlal
Ru
Sif Muna
Trog
Uskayaw
Zin
The Shining One

Shops:
D:6 *


Innate Abilities, Weirdness & Mutations

Your experience applies equally to all skills.
You have very sharp teeth.
Your uncanny sense of smell can sniff out nearby items.


Message History

The gnoll sergeant hits you from afar with a +4 spear of venom!
* * * LOW HITPOINT WARNING * * *
You are more poisoned.
The phantom blinks!
* * * LOW HITPOINT WARNING * * *
You feel very sick.
An adder comes into view.
It was a potion of cancellation.
You feel magically purged.
* * * LOW HITPOINT WARNING * * *
You feel very sick.
The gnoll sergeant hits you but does no damage.
It was a potion of attraction.
You feel attractive to monsters.
* * * LOW HITPOINT WARNING * * *
You feel very sick.
The gnoll sergeant hits you from afar with a +4 spear of venom.
* * * LOW HITPOINT WARNING * * *
You are more poisoned.
The phantom hits you.
You die...

###... ###
#...#.#####..∆
........... ###
#........# ..#
#........# #.#
#........###.. #.#
#............
#g####........# ##
#..@W#........## ##.
####.......<.†.# #..
####.###........)# #.#
.........###..##)# #..
.....>..## #...#.### #
∆
......#.####.#.#...###
......#...##...#.#....
∆...........##.......#.
........#.............


You could see a phantom and a gnoll sergeant (very poisoned).

Vanquished Creatures
  4 sky beasts
  An orc warrior (D:7)
  3 ice beasts
  A phantom (D:5)
  A black bear (D:6)
  An ogre (D:6)
  A big kobold (D:7)
  3 bullfrogs
  A howler monkey (D:4)
  A centaur skeleton (D:6)
  2 orc priests
  Crazy Yiuf (D:3)
  3 bullfrog skeletons
  Terence (D:3)
  2 iguanas
  3 orc wizards
  A worker ant (D:5)
  2 hound skeletons (D:5)
  Robin (D:3)
  4 gnolls (D:7)
  6 adders
  2 white imps
  4 oozes
  An adder zombie (D:6)
  An adder skeleton (D:7)
  5 worms
  7 leopard geckos
  22 orcs
  2 ball pythons
  4 giant cockroaches
  12 goblins
  7 hobgoblins
  14 kobolds
  A quokka (D:7)
  2 bats (D:1)
  3 frilled lizards
  A jackal zombie (D:6)
  A leopard gecko zombie (D:2)
  11 rats
143 creatures vanquished.

Notes
Turn   | Place    | Note
-------+----------+-------------------------------------------
     0 | Abyss:1  | MisterFreud the Gnoll Abyssal Knight began the quest for
                  | the Orb.
     0 | Abyss:1  | Reached XP level 1. HP: 23/23 MP: 3/3
     5 | Abyss:1  | Found a corrupted altar of Lugonu.
    16 | D:1      | Escaped the Abyss
    72 | D:1      | Reached XP level 2. HP: 22/29 MP: 5/5
   568 | D:1      | Reached XP level 3. HP: 33/35 MP: 6/6
  1134 | D:2      | Reached ** piety under Lugonu
  1595 | D:2      | Found a shimmering blue altar of Sif Muna.
  1642 | D:2      | You fall into a shaft and drop 2 floors!
  1654 | D:4      | Reached skill level 1 in Long Blades
  1654 | D:4      | Reached skill level 1 in Axes
  1654 | D:4      | Reached skill level 1 in Maces & Flails
  1654 | D:4      | Reached skill level 1 in Polearms
  1654 | D:4      | Reached skill level 1 in Staves
  1654 | D:4      | Reached skill level 1 in Slings
  1654 | D:4      | Reached skill level 1 in Bows
  1654 | D:4      | Reached skill level 1 in Crossbows
  1654 | D:4      | Reached skill level 1 in Throwing
  1654 | D:4      | Reached skill level 1 in Stealth
  1654 | D:4      | Reached skill level 1 in Shields
  1654 | D:4      | Reached skill level 1 in Unarmed Combat
  1654 | D:4      | Reached skill level 1 in Spellcasting
  1654 | D:4      | Reached skill level 1 in Conjurations
  1654 | D:4      | Reached skill level 1 in Hexes
  1654 | D:4      | Reached skill level 1 in Summonings
  1654 | D:4      | Reached skill level 1 in Necromancy
  1654 | D:4      | Reached skill level 1 in Translocations
  1654 | D:4      | Reached skill level 1 in Transmutations
  1654 | D:4      | Reached skill level 1 in Fire Magic
  1654 | D:4      | Reached skill level 1 in Ice Magic
  1654 | D:4      | Reached skill level 1 in Air Magic
  1654 | D:4      | Reached skill level 1 in Earth Magic
  1654 | D:4      | Reached skill level 1 in Poison Magic
  1654 | D:4      | Reached skill level 1 in Evocations
  1654 | D:4      | Reached XP level 4. HP: 30/41 MP: 7/7
  1775 | D:4      | Reached XP level 5. HP: 12/47 MP: 8/8
  2015 | D:3      | Noticed Robin
  2019 | D:3      | Killed Robin
  2282 | D:3      | Found a blossoming altar of Fedhas.
  2396 | D:3      | Noticed Terence
  2408 | D:3      | Killed Terence
  2578 | D:2      | Reached skill level 5 in Invocations
  3092 | D:3      | Found a runed translucent door.
  3093 | D:3      | Noticed Crazy Yiuf
  3193 | D:3      | Reached XP level 6. HP: 53/53 MP: 9/9
  3194 | D:3      | Reached *** piety under Lugonu
  3318 | D:3      | Killed Crazy Yiuf
  3497 | D:4      | Found a staircase to the Ecumenical Temple.
  3811 | D:4      | Reached skill level 5 in Short Blades
  3811 | D:4      | Reached skill level 5 in Armour
  4002 | D:4      | Found a white marble altar of Elyvilon.
  4200 | D:5      | Entered Level 5 of the Dungeon
  4693 | D:5      | Found a sacrificial altar of Ru.
  4711 | D:5      | Reached XP level 7. HP: 38/59 MP: 10/10
  4994 | D:5      | Reached skill level 7 in Fighting
  5767 | D:6      | Found a hide-covered altar of Uskayaw.
  5900 | D:6      | Reached XP level 8. HP: 65/67 MP: 12/12
  5935 | D:6      | Found a snail-covered altar of Cheibriados.
  5935 | D:6      | Found an iron altar of Okawaru.
  5935 | D:6      | Found a glowing golden altar of the Shining One.
  5935 | D:6      | Found an opulent altar of Gozag.
  5951 | D:6      | Found a bloodstained altar of Trog.
  5955 | D:6      | Found a glowing silver altar of Zin.
  6611 | D:6      | Noticed a water elemental
  6613 | D:6      | Found a stormy altar of Qazlal.
  6614 | D:6      | Noticed an air elemental
  6823 | D:6      | Found Joasheul's Assorted Antiques.
  6833 | D:6      | Bought a papyrus book for 420 gold pieces
  6833 | D:6      | Bought a pink potion for 25 gold pieces
  6833 | D:6      | Bought a fuming red potion for 25 gold pieces
  7022 | D:7      | Reached **** piety under Lugonu
  7026 | D:7      | Learned a level 2 spell: Ensorcelled Hibernation
  7153 | D:7      | Reached XP level 9. HP: 40/72 MP: 11/14
  7696 | D:7      | HP: 2/73 [gnoll sergeant/+4 spear of venom (5)]
  7696 | D:7      | Slain by a phantom

Illustrated notes

Levels and vault maps discovered:
D:1:      onia_arrival_handbag, layout_loops_corners, minmay_misc_feat_tiny,
          minmay_misc_feat_chi
D:2:      layout_rooms, lemuel_doored_altar, serial_co_window_serial,
          co_window_of_opportunity_a, co_window_of_opportunity_a,
          co_window_corner_a, co_window_paths_a, co_window_paths_a,
          co_window_unsneaky_path_e, co_window_of_opportunity_c,
          co_window_broadway_c, co_window_corner_b, co_window_corner_cb,
          glass_columns_b, glass_columns_a, glass_columns_b, feat_on_display
D:3:      layout_rooms, fedhas_altar_3, uniq_terence, uniq_robin,
          uniq_crazy_yiuf_cottage
D:4:      layout_loops_corners, kennysheep_little_box, minmay_temple_entry_mist
D:5:      layout_loops_ring, nicolae_ru_great_annihilating_truth, minivault_4
D:6:      layout_basic, lemuel_crystal_altar, minmay_overflow_temple_hex,
          serial_shops, nicolae_shop_stone, nicolae_qazlal_style_of_elements
D:7:      layout_rooms, nrook_loot_triangle

Skill      XL: |  1  2  3  4  5  6  7  8  9 |
---------------+----------------------------+-----
Long Blades    | 1 2 3 4 |  4.0
Axes           | 1 2 3 4 |  4.0
Maces & Flails | 1 2 3 4 |  4.0
Polearms       | 1 2 3 4 |  4.0
Staves         | 1 2 3 4 |  4.0
Slings         | 1 2 3 4 |  4.0
Bows           | 1 2 3 4 |  4.0
Crossbows      | 1 2 3 4 |  4.0
Throwing       | 1 2 3 4 |  4.0
Stealth        | 1 2 3 4 |  4.0
Shields        | 1 2 3 4 |  4.0
Unarmed Combat | 1 2 3 4 |  4.0
Spellcasting   | 1 2 3 4 |  4.0
Conjurations   | 1 2 3 |  3.3
Hexes          | 1 2 3 |  3.3
Summonings     | 1 2 3 |  3.3
Necromancy     | 1 2 3 |  3.3
Translocations | 1 2 3 |  3.3
Transmutations | 1 2 3 |  3.3
Fire Magic     | 1 2 3 |  3.3
Ice Magic      | 1 2 3 |  3.3
Air Magic      | 1 2 3 |  3.3
Earth Magic    | 1 2 3 |  3.3
Poison Magic   | 1 2 3 |  3.3
Evocations     | 1 2 3 4 |  4.0
Dodging        | 3 4 |  4.8
Invocations    | 5 6 |  6.4
Short Blades   | 5 6 |  6.1
Armour         | 5 6 |  6.1
Fighting       | 7 |  7.7

Action                   |  1- 3 |  4- 6 |  7- 9 || total
-------------------------+-------+-------+-------++-------
Melee: Short sword       |    41 |       |       ||    41
       Bite              |     7 |    16 |    40 ||    63
       Whip              |    48 |   170 |   261 ||   479
       Punch             |       |     2 |     1 ||     3
Throw: Boomerang         |       |       |     4 ||     4
 Cast: Ensorcelled Hiber |       |       |     2 ||     2
  Use: Scroll            |       |       |     6 ||     6
       Potion            |       |       |     2 ||     2
 Stab: Sleeping          |       |     5 |     4 ||     9
       Paralysed         |       |     1 |       ||     1
       Distracted        |       |       |     2 ||     2
Armor: Leather armour    |    23 |    30 |    54 ||   107
Dodge: Dodged            |    41 |   112 |   114 ||   267
Block: Other             |       |    16 |    41 ||    57
       Reflection        |       |       |     2 ||     2
